 Dungeon Crawl Stone Soup version 0.26-a0-926-g43279f1ce9 (webtiles) character file.

Game seed: 17141748961275692510

3 Descartes the Sneak (level 1, -3/10 HPs)
             Began as a Felid Delver on Nov 26, 2020.
             Slain by a hobgoblin
             ... wielding a +0 club
              (8 damage)
             ... on level 3 of the Dungeon.
             The game lasted 00:01:10 (87 turns).

Descartes the Sneak (Felid Delver)                    Turns: 87, Time: 00:01:11

Health: -3/10      AC:  1    Str:  8    XL:     1   Next: 41%
Magic:  2/2        EV: 18    Int: 11    God:
Gold:   0          SH:  0    Dex: 17    Spells: 0/0 levels left
                                        Lives:  0   Deaths: 0

rFire    . . .     SeeInvis +     - Unarmed
rCold    . . .     Faith    .   (shield unavailable)
rNeg     . . .     Spirit   .   (armour unavailable)
rPois    .         Reflect  .   (helmet unavailable)
rElec    .         Harm     .   (cloak unavailable)
rCorr    .         Rampage  .   (gloves unavailable)
MR       .....                  (boots unavailable)
Stlth    ++++......             (no amulet)
HPRegen  0.03/turn              (no ring)
MPRegen  0.08/turn              (no ring)

@: quick
A: very small, no armour, no weapons or thrown items, stealth, claws 1, fangs 3,
see invisible, speed 1, shaggy fur 1, sharp paws
a: no special abilities


You were on level 3 of the Dungeon.
You visited 1 branch of the dungeon, and saw 3 of its levels.

Inventory:

Jewellery
 h - a +6 ring of intelligence {unknown}
Wands
 e - a wand of digging (3)
Scrolls
 a - a scroll of fog
 b - a scroll of magic mapping
 c - a scroll of fear
Potions
 d - a potion of haste
 f - a potion of curing {unknown}
 g - a potion of magic {unknown}


   Skills:
 - Level 3.0 Fighting
 + Level 2.8 Dodging
 * Level 6.7 Stealth
 - Level 2.0 Unarmed Combat


You couldn't memorise any spells.
You didn't know any spells.
Your spell library was empty.

Dungeon Overview and Level Annotations

Branches:
Dungeon (5/15)
 Temple: D:4-7

Altars:

Shops:
D:5 =


Innate Abilities, Weirdness & Mutations

You cannot wear armour.
You are incapable of wielding weapons or throwing items.
Your paws allow you to move quietly. (Stealth)
You have sharp claws.
You have razor-sharp teeth.
You have supernaturally acute eyesight. (SInv)
You cover ground quickly.
You are covered in fur. (AC +1)
Your sharp claws are effective at attacking unaware monsters.


Message History

A hobgoblin comes into view. It is wielding a +0 club.
A goblin comes into view.
The goblin shouts! x2; The frilled lizard hisses angrily.
Found 6 gold pieces.
Found a stone staircase leading up.
You closely miss the frilled lizard.
A hobgoblin comes into view. It is wielding a +0 club.
The frilled lizard barely misses you.
The hobgoblin shouts!
You scratch the frilled lizard.
The frilled lizard is heavily wounded.
The frilled lizard misses you.
You scratch the frilled lizard.
You kill the frilled lizard!
The goblin closely misses you. The gnoll misses you. The goblin hits you.
The goblin closely misses you. The goblin misses you.
The hobgoblin hits you with a +0 club!
Ouch! That really hurt!
You die...

#.......# ###..... ....
......... .......g
.#..<##........ ######..
....#....#...# #..
......#..#..##########..
.........g...........)..
.#.................###..
..........gg######## #!.
#....@gg.†# #..
#.$..).g..# #..
#.........# ###
#.........# #....(....#
###########


You could see 2 gnolls, 2 hobgoblins and 2 goblins.

Vanquished Creatures
  A giant cockroach (D:3)
  A frilled lizard (D:3)
  A goblin (D:3)
  A leopard gecko zombie (D:5)
4 creatures vanquished.

Notes
Turn   | Place    | Note
-------+----------+-------------------------------------------
     0 | D:5      | Descartes the Felid Delver began the quest for the Orb.
     0 | D:5      | Reached XP level 1. HP: 10/10 MP: 2/2
    11 | D:5      | Found Botoh's Jewellery Boutique.
    42 | D:4      | Noticed a scorpion
    87 | D:3      | Slain by a hobgoblin

Illustrated notes

Levels and vault maps discovered:
D:3:      minmay_wonky_spiral, layout_rooms, lemuel_round_altar,
          ebering_ghost_reflecting_pool
D:4:      layout_gridville, minmay_temple_entry_statues_fountains,
          nicolae_gozag_cash_rules_everything_around_me, uniq_robin
D:5:      layout_rooms, serial_shops, nicolae_shop_waterfront

Action                   || total
-------------------------++-------
Melee: Unarmed           ||     6
 Stab: Sleeping          ||     3
Dodge: Dodged            ||     6

Table legend: (Time is in decaauts)
 A = Elapsed time spent in this place.
 B = Non-inter-level travel time spent in this place.
 C = Inter-level travel time spent in this place.
 D = Time resting spent in this place.
 E = Time spent auto-exploring this place.
 F = Levels seen in this place.
 G = Mean time per level.
                   A        B        C        D        E       F      G
               +--------+--------+--------+--------+--------+-----+--------+
         Total |     71 |     69 |      2 |      0 |      1 |   3 |   23.7 |
       Dungeon |     71 |     69 |      2 |      0 |      1 |   3 |   23.7 |
               +--------+--------+--------+--------+--------+-----+--------+

Top non-repeatable levels by time:
     D:5: 34 daAuts
     D:3: 28 daAuts
     D:4: 8 daAuts
